 Dungeon Crawl Stone Soup version 0.30.1-4-g462c640d31 (webtiles) character file.

Game seed: 4453036335890202905

41 Bobit the Poker (level 3, -1/21 (31) HPs)
             Began as a Gnoll Reaver on Aug 13, 2023.
             Was an Initiate of Ru.
             Succumbed to a gnoll's poison
             ... on level 2 of the Dungeon.
             The game lasted 00:01:33 (690 turns).

Bobit the Poker (Gnoll Reaver)                       Turns: 690, Time: 00:01:34

HP:   -1/21 (31)    AC:  8    Str: 13    XL:     3   Next: 52%
MP:   7/9           EV:  7    Int: 12    God:    Ru [......]
Gold: 57            SH:  0    Dex: 10    Spells: 11/12 levels left

rFire   . . .        a - +0 spear
rCold   . . .        (no shield)
rNeg    . . .        h - +0 chain mail
rPois   .            (no helmet)
rElec   .            (no cloak)
rCorr   .            (no gloves)
SInv    .            (no boots)
Will    .....        (no amulet) Stlth
                     (no ring)
HPRegen 0.23/turn    (no ring)
MPRegen 0.11/turn

%: no passive effects
@: lethally poisoned (-1 -> -12), very heavily drained
A: fangs 1, strong nose, distributed training
a: Renounce Religion, Sacrifice an Eye, Sacrifice Durability, Sacrifice Love,
Reject Sacrifices


You were on level 2 of the Dungeon.
You worshipped Ru.
Ru was noncommittal.
You visited 1 branch of the dungeon, and saw 2 of its levels.

You collected 57 gold pieces.

Inventory:

Hand Weapons
 a - a +0 spear (weapon)
Armour
 b - a +0 leather armour
 h - a +0 chain mail (worn)
Scrolls
 c - a scroll of blinking {unknown}
 d - 3 scrolls of identify {unknown}
 e - a scroll of teleportation {unknown}
Potions
 f - 2 potions of curing {unknown}
 g - a potion of attraction {unknown}


   Skills:
 + Level 4.5 Fighting
 + Level 0.9 Short Blades
 + Level 0.9 Long Blades
 + Level 0.9 Axes
 + Level 0.9 Maces & Flails
 + Level 6.5 Polearms
 + Level 0.9 Staves
 + Level 0.9 Ranged Weapons
 + Level 0.9 Throwing
 + Level 0.9 Armour
 + Level 4.5 Dodging
 + Level 0.9 Stealth
 + Level 0.9 Shields
 + Level 0.9 Unarmed Combat
 + Level 5.0 Spellcasting
 + Level 5.4 Conjurations
 + Level 0.6 Hexes
 + Level 0.6 Summonings
 + Level 0.6 Necromancy
 + Level 0.6 Translocations
 + Level 0.6 Transmutations
 + Level 0.6 Fire Magic
 + Level 0.6 Ice Magic
 + Level 0.6 Air Magic
 + Level 0.6 Earth Magic
 + Level 0.6 Poison Magic
 + Level 1.0 Invocations
 + Level 0.9 Evocations


You had 11 spell levels left.
You knew the following spells:

 Your Spells              Type           Power      Damage    Failure   Level
a - Kiss of Death         Conj/Necr      40%        2d8       78%         1

Your spell library contained the following spells:

 Spells                   Type           Power      Damage    Failure   Level
 Momentum Strike          Conj/Tloc      20%        3d8       89%         2
 Hailstorm                Conj/Ice       10%        3d5       98%         3


Dungeon Overview and Level Annotations

Branches:
Dungeon (2/15)

Altars:
Ru

Shops:
D:1 [


Innate Abilities, Weirdness & Mutations

You have very sharp teeth.
Your uncanny sense of smell can sniff out nearby items.
Your experience applies equally to all skills.


Message History

Unknown command.
You feel sick. The gnoll hits you but does no damage.
The gnoll hits you from afar with a +0 halberd of venom.
You are more poisoned.
You hit the gnoll.
The gnoll is lightly wounded.
You feel very sick. The gnoll hits you but does no damage.
The gnoll hits you from afar with a +0 halberd of venom.
You hit the gnoll but do no damage.
The gnoll is lightly wounded.
You feel very sick.
The gnoll hits you from afar with a +0 halberd of venom.
* * * LOW HITPOINT WARNING * * *
You are more poisoned.
* * * LOW HITPOINT WARNING * * *
You feel very sick. The gnoll closely misses you.
Casting: Kiss of Death (safe; 78% risk of failure)
Confirm with . or Enter, or press ? or * to list all spells.
Aiming: Kiss of Death (safe; 78% risk of failure)
Press: ? - help, Shift-Dir - straight line, f - gnoll, p - gnoll
Aim: a gnoll, wielding a +0 flail (100% to hit)
The negative energy hits the gnoll!
The gnoll is drained!
The gnoll is almost dead.
You feel drained.
* * * LOW HITPOINT WARNING * * *
You feel very sick.
The gnoll hits you from afar with a +0 spear.
* * * LOW HITPOINT WARNING * * *
The gnoll completely misses you.
Casting: Kiss of Death (safe; 78% risk of failure)
Confirm with . or Enter, or press ? or * to list all spells.
Aiming: Kiss of Death (safe; 78% risk of failure)
Press: ? - help, Shift-Dir - straight line, f/p - gnoll
Aim: a gnoll, wielding a +0 flail (almost dead, heavily drained, 100% to hit)
The negative energy hits the gnoll!
The gnoll is drained!
You kill the gnoll!
You feel drained.
You die...

######### ........# #
........####### .#
........#......# .#####
........#......# #$.....
........#.[.[..##.......
........#......#gB.B....
........#......#)#
........#......#@#
........#........#
........#.......##
........#..)...##
######'#####..########
#.####...........
###..(##...........
+....>.............
#########..........


You could see a gnoll and a giant cockroach.

Vanquished Creatures
  A gnoll (D:2)
  2 adders (D:2)
  2 bats
  An endoplasm (D:1)
  4 goblins
  3 hobgoblins (D:1)
  4 ball pythons
  2 frilled lizards (D:1)
  3 kobolds
  2 rats
24 creatures vanquished.

Notes
Turn   | Place    | Note
-------+----------+-------------------------------------------
     0 | D:1      | Bobit the Gnoll Reaver began the quest for the Orb.
     0 | D:1      | Reached XP level 1. HP: 20/20 MP: 6/6
    97 | D:1      | Reached XP level 2. HP: 17/26 MP: 7/7
   153 | D:1      | Found a faded altar of an unknown god.
   159 | D:1      | Prayed at the altar of an unknown god.
   159 | D:1      | Became a worshipper of Ru the Awakened
   231 | D:1      | Found Inlun's Armour Shop.
   465 | D:2      | Reached skill level 5 in Spellcasting
   465 | D:2      | Reached XP level 3. HP: 25/31 MP: 7/9
   632 | D:2      | Reached skill level 1 in Invocations
   689 | D:2      | HP: 1/26 [gnoll/+0 spear (1)]
   690 | D:2      | Succumbed to a gnoll's poison

Illustrated notes

Levels and vault maps discovered:
D:1:      dpeg_arrival_lava_temple_mockup, layout_rooms,
          nicolae_ecumenical_snake_handling, serial_shops,
          nicolae_shop_temple_entry_statues_fountains
D:2:      layout_basic, basic_altar, grunt_ministairs_14

Skill      XL: |  1  2  3 |
---------------+----------+-----
Spellcasting   | 5 |  5.0
Invocations    | 1 |  1.0
Fighting       | |  4.5
Short Blades   | |  0.9
Long Blades    | |  0.9
Axes           | |  0.9
Maces & Flails | |  0.9
Polearms       | |  6.5
Staves         | |  0.9
Ranged Weapons | |  0.9
Throwing       | |  0.9
Armour         | |  0.9
Dodging        | |  4.5
Stealth        | |  0.9
Shields        | |  0.9
Unarmed Combat | |  0.9
Conjurations   | |  5.4
Hexes          | |  0.6
Summonings     | |  0.6
Necromancy     | |  0.6
Translocations | |  0.6
Transmutations | |  0.6
Fire Magic     | |  0.6
Ice Magic      | |  0.6
Air Magic      | |  0.6
Earth Magic    | |  0.6
Poison Magic   | |  0.6
Evocations     | |  0.9

Action                     || total
---------------------------++-------
  Melee: Spear             ||    87
         Bite              ||     7
         Punch             ||     1
   Cast: Kiss of Death     ||     2
 Armour: Leather armour    ||    16
         Chain mail        ||     5
  Dodge: Dodged            ||    61
